 Dungeon Crawl Stone Soup version 0.22.1-1-ga44c0e56f4 (webtiles) character file.

921 Jynx the Changer (level 8, 0/48 HPs)
             Began as an Octopode Transmuter on Nov 5, 2018.
             Was an Initiate of Makhleb.
             Slain by an orc wizard
             ... wielding a +0 dagger
              (4 damage)
             ... on level 6 of the Dungeon.
             The game lasted 00:13:12 (6379 turns).

Jynx the Changer (Octopode Transmuter)              Turns: 6379, Time: 00:13:13

Health: 0/48       AC:  2    Str:  9    XL:     8   Next: 10%
Magic:  14/14      EV: 13    Int: 15    God:    Makhleb [......]
Gold:   307        SH:  0    Dex: 15    Spells: 5/15 levels left

rFire    . . .     SeeInvis .     - Unarmed
rCold    . . .     Gourm    .   (no shield)
rNeg     . . .     Faith    .   s - +1 hat
rPois    .         Spirit   .   (no amulet)
rElec    .         Reflect  .   (no ring)
rCorr    .         Harm     .   (no ring)
MR       .....                  (no ring)
Stlth    ++........             (no ring)
HPRegen  0.16/turn              (no ring)
MPRegen  0.14/turn              (no ring)
                                (no ring)
                                (no ring)

@: no status effects
A: almost no armour, stealthy swim, amphibious, 8 rings, constrict 8, camouflage
1, gelatinous body 1
a: Renounce Religion


You were on level 6 of the Dungeon.
You worshipped Makhleb.
Makhleb was noncommittal.
You were not hungry.

You visited 2 branches of the dungeon, and saw 7 of its levels.

You collected 307 gold pieces.

Inventory:

Missiles
 a - 111 arrows
Armour
 s - a +1 hat (worn)
Jewellery
 r - an uncursed ring of flight {unknown}
 x - an uncursed amulet of regeneration {unknown}
Wands
 q - a wand of clouds (6)
 z - a wand of iceblast (9)
Scrolls
 b - a scroll of fog {unknown}
 f - a scroll of noise {unknown}
 g - 4 scrolls of identify
 h - 3 scrolls of teleportation
 i - 2 scrolls of blinking {unknown}
 j - 2 scrolls of magic mapping {unknown}
 m - a scroll of random uselessness {unknown}
 n - 2 scrolls of amnesia {unknown}
 t - a scroll of silence {unknown}
 u - a scroll of remove curse {unknown}
 y - a scroll of fear {unknown}
Potions
 d - a potion of degeneration {unknown}
 e - 7 potions of curing
 k - 2 potions of invisibility {unknown}
 l - 2 potions of brilliance {unknown}
 o - a potion of agility {unknown}
 p - a potion of lignification {unknown}
 v - a potion of mutation {unknown}
 w - a potion of resistance {unknown}
Comestibles
 c - 9 rations


   Skills:
 - Level 1.0 Fighting
 - Level 2.0 Dodging
 + Level 5.3 Unarmed Combat
 + Level 4.4 Spellcasting
 * Level 6.6 Transmutations


You had 5 spell levels left.
You knew the following spells:

 Your Spells              Type           Power        Failure   Level  Hunger
a - Beastly Appendage     Tmut           ###...       1%          1    None
b - Sticks to Snakes      Tmut           ###.....     1%          2    ##.....
c - Spider Form           Tmut/Pois      ##........   13%         3    ###....
d - Ice Form              Ice/Tmut       ##......     41%         4    ####...

Your spell library contained the following spells:

 Spells                   Type           Power        Failure   Level  Hunger
 Flame Tongue             Conj/Fire      #....        17%         1    None
 Magic Dart               Conj           #...         17%         1    None
 Searing Ray              Conj           #.....       26%         2    ##.....
 Throw Flame              Conj/Fire      #.....       26%         2    ##.....
 Blade Hands              Tmut           ###.......   30%         5    ######.
 Conjure Flame            Conj/Fire      #.......     45%         3    ###....
 Dazzling Spray           Conj/Hex       #.....       45%         3    ###....
 Inner Flame              Hex/Fire       #.......     45%         3    ###....
 Force Lance              Conj/Tloc      #.......     86%         4    ####...
 Fulminant Prism          Conj/Hex       #.........   86%         4    ####...
 Iskenderun's Mystic Bla  Conj           #.......     86%         4    ####...
 Sticky Flame             Conj/Fire      #.......     86%         4    ####...
 Fireball                 Conj/Fire      #.........   99%         5    ######.


Dungeon Overview and Level Annotations

Branches:
Dungeon (6/15)             Temple (1/1) D:4

Altars:
Ashenzari
Cheibriados
Dithmenos
Elyvilon
Fedhas
Gozag
Hepliaklqana
Kikubaaqudgha
Makhleb
Nemelex Xobeh
Qazlal
Ru
Trog
Wu Jian
Xom
Yredelemnul
Zin
The Shining One

Shops:
D:5 *   D:6 *


Innate Abilities, Weirdness & Mutations

You cannot wear most types of armour.
You are very stealthy in the water. (Stealth+)
You are amphibious.
You can wear up to eight rings at the same time.
You can use your tentacles to constrict eight enemies at once.
Your skin changes colour to match your surroundings (Stealth+).
Your rubbery body absorbs attacks. (AC +1, EV +1)


Message History

The orc warrior hits you with a hand axe!
The orc wizard casts a spell.
The orc wizard flickers and vanishes!
Deactivating autopickup; reactivate with Ctrl-A.
You see here a silver tomahawk.
You kill the orc warrior!
Makhleb accepts your kill.
You have reached level 8!
A magic dart appears from out of thin air!
The magic dart hits you!
* * * LOW HITPOINT WARNING * * *
Things that are here:
a hand axe; a plate armour; an orc corpse You hit something.
Your transformation has ended.
Your +1 hat unmelds from your body.
The orc hits you with a falchion.
* * * LOW HITPOINT WARNING * * *
Something hits you.
You die...

#.........#
#............
###.#####...#
#..#.########
#..## #.##
##.......# ...#
.# ##..###.# ...#
.# #..>....# ...#
#.....### ...# +#
##.....# ....
##...#####)(#####
.....
...⌠..).o@..#
###.##
##...#####..# ##
+# ##.# #.# #.#
#.# #.# .#


You could see an orc.

Vanquished Creatures
  An orc warrior (D:6)
  A sky beast (D:6)
  An ogre (D:4)
  2 scorpions
  A howler monkey (D:4)
  3 crimson imps
  A jelly (D:6)
  An orc priest (D:3)
  An iguana (D:4)
  2 orc wizards (D:4)
  3 worker ants
  A hound skeleton (D:4)
  3 gnolls (D:5)
  6 adders
  A shadow imp (D:6)
  An ooze (D:5)
  A worm (D:2)
  3 dart slugs
  3 leopard geckos
  11 orcs
  5 giant cockroaches
  9 goblins
  5 hobgoblins (D:3)
  6 jackals
  A quokka (D:3)
  8 bats
  8 frilled lizards
  5 kobolds
  3 rats
97 creatures vanquished.

Notes
Turn   | Place    | Note
-------+----------+-------------------------------------------
     0 | D:1      | Jynx the Octopode Transmuter began the quest for the Orb.
     0 | D:1      | Reached XP level 1. HP: 13/13 MP: 3/3
   351 | D:1      | Reached XP level 2. HP: 18/18 MP: 3/5
   637 | D:2      | Learned a level 2 spell: Sticks to Snakes
   920 | D:2      | Reached XP level 3. HP: 19/23 MP: 6/6
  1095 | D:2      | Reached skill level 3 in Transmutations
  1507 | D:1      | Learned a level 3 spell: Spider Form
  1517 | D:2      | Reached XP level 4. HP: 28/28 MP: 4/7
  1725 | D:2      | Found a sparkling altar of Nemelex Xobeh.
  1950 | D:3      | Reached XP level 5. HP: 33/33 MP: 9/9
  2212 | D:3      | Found a faded altar of an unknown god.
  2434 | D:3      | Reached skill level 4 in Transmutations
  2957 | D:4      | Reached XP level 6. HP: 38/38 MP: 8/10
  3094 | D:4      | Learned a level 4 spell: Ice Form
  3094 | D:4      | Found a staircase to the Ecumenical Temple.
  3152 | Temple   | Entered the Ecumenical Temple
  3277 | Temple   | Became a worshipper of Makhleb the Destroyer
  3361 | D:4      | Reached skill level 5 in Transmutations
  4301 | D:4      | Reached XP level 7. HP: 30/43 MP: 9/12
  4773 | D:5      | Entered Level 5 of the Dungeon
  5466 | D:5      | Found Ziurhiwu's Assorted Antiques.
  5552 | D:6      | Found Quiveli's Assorted Antiques.
  5596 | D:6      | Reached skill level 5 in Unarmed Combat
  5596 | D:6      | Reached skill level 6 in Transmutations
  6375 | D:6      | Reached XP level 8. HP: 16/48 MP: 14/14
  6379 | D:6      | Slain by an orc wizard

Skill      XL: |  1  2  3  4  5  6  7 |
---------------+----------------------+-----
Transmutations | 3 4 5 6 |  6.6
Unarmed Combat | 4 5 |  5.3
Spellcasting   | 3 4 |  4.4
Fighting       | |  1.0
Dodging        | |  2.0

Action                   |  1- 3 |  4- 6 |  7- 9 || total
-------------------------+-------+-------+-------++-------
Melee: Unarmed           |    62 |   131 |    78 ||   271
       Constrict         |    17 |    34 |     7 ||    58
       Kick              |    15 |    26 |     8 ||    49
       Tentacles         |    12 |    23 |     4 ||    39
       Punch             |       |     4 |     1 ||     5
 Cast: Beastly Appendage |    14 |    13 |     6 ||    33
       Spider Form       |     1 |     5 |     4 ||    10
       Ice Form          |       |       |     2 ||     2
  Use: Potion            |     1 |       |       ||     1
       Scroll            |       |       |     2 ||     2
 Stab: Sleeping          |     3 |     5 |     1 ||     9
       Distracted        |     1 |       |       ||     1
  Eat: Chunk             |     2 |     8 |     9 ||    19
Armor: Skin              |     6 |    10 |     5 ||    21
Dodge: Dodged            |    28 |    79 |    38 ||   145
